 Dungeon Crawl Stone Soup version 0.30.0 (webtiles) character file.

Game seed: 17235058909625891221

186 Dani the Chopper (level 5, 4/41 HPs)
             Began as a Demonspawn Fighter on May 20, 2023.
             Quit the game in the Ecumenical Temple.
             The game lasted 00:03:26 (1842 turns).

Dani the Chopper (Demonspawn Fighter)               Turns: 1842, Time: 00:03:27

Health: 4/41       AC:  7    Str: 17    XL:     5   Next: 38%
Magic:  5/5        EV:  9    Int: 14    God:
Gold:   166        SH:  4    Dex: 12    Spells: 4/4 levels left

rFire   . . .        a - +0 war axe
rCold   . . .        c - +0 buckler
rNeg    . . .        b - +0 scale mail
rPois   .            n - +0 hat of Lifelessness {Int+3}
rElec   .            (no cloak)
rCorr   .            (no gloves)
SInv    .            g - +0 pair of boots
Will    .....        (no amulet) Stlth
                     (no ring)
HPRegen 0.26/turn    (no ring)
MPRegen 0.09/turn

%: no passive effects
@: mighty, brilliant, attractive, flying
A: foul stench 1, powered by pain 1, weakness stinger 1
a: no special abilities


You were in the Ecumenical Temple.
You visited 2 branches of the dungeon, and saw 5 of its levels.

You collected 166 gold pieces.

Inventory:

Hand Weapons
 a - a +0 war axe (weapon)
Armour
 b - a +0 scale mail (worn)
 c - a +0 buckler (worn)
 f - a +1 hat
   (You found it on level 1 of the Dungeon)
 g - a +0 pair of boots (worn)
   (You found it on level 1 of the Dungeon)
 n - the +0 hat of Lifelessness (worn) {Int+3}
   (You found it on level 3 of the Dungeon)

   Int:       It affects your intelligence (+3).
Jewellery
 j - a +6 ring of intelligence
   (You found it on level 2 of the Dungeon)
Wands
 P - a wand of paralysis (11)
   (You found it on level 2 of the Dungeon)
Scrolls
 i - a scroll of teleportation {unknown}
 l - a scroll of magic mapping {unknown}
 m - a scroll of silence {unknown}
 o - a scroll of fear {unknown}
Potions
 d - a potion of might


   Skills:
 - Level 3.0 Fighting
 + Level 5.2 Axes
 - Level 2.6 Armour
 - Level 2.6 Shields


You had 4 spell levels left.
You didn't know any spells.
Your spell library contained the following spells:

 Spells                   Type           Power      Damage    Failure   Level
 Shock                    Conj/Air       0%         1d3       77%         1
 Swiftness                Air            0%         N/A       98%         3
 Airstrike                Air            0%         2d(0-16)  100%        4


Dungeon Overview and Level Annotations

Branches:
Dungeon (4/15)             Temple (1/1) D:4

Altars:
Ashenzari
Cheibriados
Dithmenos
Hepliaklqana
Kikubaaqudgha
Nemelex Xobeh
Qazlal
Ru
Vehumet
Yredelemnul

Shops:
D:2 [*


Innate Abilities, Weirdness & Mutations

You may rarely emit foul miasma when damaged in melee.
You sometimes gain a little power by taking damage.
You have a small tail.


Message History

You hit the adder.
The adder is almost dead.
You feel sick. The adder bites you but does no damage.
You block the adder's attack.
You miss the adder.
The adder is almost dead.
You feel sick.
You are no longer poisoned.
You block the adder's attack. The adder completely misses you.
You miss the adder.
The adder is almost dead.
The adder bites you.
* * * LOW HITPOINT WARNING * * *
You are poisoned.
The adder poisons you!
You closely miss the adder. You tail-slap the adder.
You kill the adder!
You feel sick.
Your Axes skill increases to level 5!
You feel sick.
You see here an adder corpse.
You feel sick.
You are no longer poisoned.
You see here an adder corpse.
Found a bronze ring.
An orc comes into view. It is wielding a +0 club.
The orc shouts!
You hear a shout!
The orc moves out of view.
An orc wizard comes into view.
It is wielding a +0 dagger. 2 orcs come into view.
The orc shouts!
You hear a shout!
An orc comes into view.
It is wielding a +0 club and quivering silver boomerangs.
Found a scroll labelled NEAGHYHIPU.
The orc shouts!
The orc wizard hits you with a +0 dagger.
* * * LOW HITPOINT WARNING * * *
There is a staircase to the Ecumenical Temple here.
The orc wizard hits you but does no damage.
The orc hits you but does no damage.
You climb downwards.
Welcome to the Ecumenical Temple!
Found eleven altars.
There is a staircase back to the Dungeon here.
You barely miss the orc wizard. You slash the orc!
You kill the orc!
The orc wizard barely misses you.
You hit the orc wizard.
The orc wizard is moderately wounded.
The orc wizard casts a spell.
The orc wizard flickers and vanishes!
Deactivating autopickup; reactivate with Ctrl-A.
No target in view!
No target in view!
No target in view!
No target in view!
You miss something.
You hear some strange, mumbled words.
A puff of flame appears from out of thin air!
The puff of flame hits you!
* * * LOW HITPOINT WARNING * * *
Something hits you but does no damage.
You completely miss something.
Your tail-slap misses something.
Something hits you.
* * * LOW HITPOINT WARNING * * *
You closely miss something.
Your tail-slap misses something.
Something hits you.
* * * LOW HITPOINT WARNING * * *
You miss something. Something hits you.
* * * LOW HITPOINT WARNING * * *
You slash something! Something hits you.
* * * LOW HITPOINT WARNING * * *
Something hits you but does no damage.
You closely miss something.
You hear some strange, mumbled words.
A puff of flame appears from out of thin air!
The puff of flame hits you.
* * * LOW HITPOINT WARNING * * *
It was a potion of brilliance.
You feel clever all of a sudden. Something hits you but does no damage.
It was a potion of attraction.
You feel attractive to monsters. Something hits you but does no damage.
It was a potion of flight.
You feel very buoyant.
You fly up into the air.
Something hits you but does no damage.
You miss something. Something hits you but does no damage.
You barely miss something.
You hear some strange, mumbled words.
Something tries to affect you, but you resist.
Something hits you but does no damage.
You closely miss something. Something hits you but does no damage.
You feel very mighty all of a sudden. Something hits you but does no damage.
You hit something. Something completely misses you.
You slash something!
Reactivating autopickup.
You feel a bit more experienced.
Things that are here:
a +0 dagger; a +0 robe Are you sure you want to abandon this character and quit the game? (Confirm with "yes".)

###############
#°○.°○°○°°°°.○..
#°.°°°.○☼°.°○°°○
#...°..°.○○°°°°○
#☼○..._._._..°○°
#○.°..........°°
#.°°_........○°°
#.○....@.)...°°°
#°○°....<..._..○
#°.○..........°○
#○.°........_°☼.
#○°°.........°○.
#○°°_._._._._.°.
#.☼°°°○.○.°°.°°°
#☼.....○.°°°○○○○
○...○°○°°°○°○°°


There were no monsters in sight!

Vanquished Creatures
  Natasha (D:3)
  Terence (D:3)
  An orc wizard (Temple)
  7 adders
  A worm (D:2)
  2 orcs
  5 ball pythons
  6 endoplasms
  2 giant cockroaches (D:2)
  A goblin (D:1)
  2 hobgoblins
  5 quokkas
  2 bats
  2 frilled lizards
  2 kobolds
  4 rats (D:2)
44 creatures vanquished.

Vanquished Creatures (others)
  14 fungi (D:3)
14 creatures vanquished.

Grand Total: 58 creatures vanquished

Notes
Turn   | Place    | Note
-------+----------+-------------------------------------------
     0 | D:1      | Dani the Demonspawn Fighter began the quest for the Orb.
     0 | D:1      | Reached XP level 1. HP: 18/18 MP: 1/1
   111 | D:1      | Reached skill level 2 in Axes
   213 | D:1      | Gained mutation: You have a small tail. [demonic ancestry]
   213 | D:1      | Reached XP level 2. HP: 24/24 MP: 2/2
   788 | D:2      | Reached skill level 3 in Axes
   823 | D:2      | Gained mutation: You sometimes gain a little power by
                  | taking damage. [demonic ancestry]
   823 | D:2      | Reached XP level 3. HP: 29/29 MP: 3/3
   829 | D:2      | Found Wowiel's Assorted Antiques.
  1067 | D:2      | Found a faded altar of an unknown god.
  1071 | D:2      | Reached skill level 4 in Axes
  1071 | D:2      | Gained mutation: You may rarely emit foul miasma when
                  | damaged in melee. [demonic ancestry]
  1071 | D:2      | Reached XP level 4. HP: 35/35 MP: 4/4
  1375 | D:2      | Found Jeplalad's Armour Emporium.
  1432 | D:3      | Noticed Natasha
  1437 | D:3      | Killed Natasha
  1497 | D:3      | Identified the +0 hat of Lifelessness {Int+3}
  1576 | D:3      | Noticed Terence
  1584 | D:3      | Killed Terence
  1585 | D:3      | Reached XP level 5. HP: 32/41 MP: 5/5
  1686 | D:3      | You fall into a shaft and drop 1 floor!
  1753 | D:4      | Found a staircase to the Ecumenical Temple.
  1810 | D:4      | Reached skill level 5 in Axes
  1823 | Temple   | Entered the Ecumenical Temple
  1828 | Temple   | HP: 8/41 [something (4)]
  1831 | Temple   | HP: 1/41 [something/puff of flame (6)]
  1842 | Temple   | Quit the game

Illustrated notes

Levels and vault maps discovered:
D:1:      reono_arrival_forest_river, layout_loops_ring, hangedman_decor_points,
          minmay_tetromino_s2
D:2:      layout_basic, serial_shops, shop, nicolae_shop_pleasant_corner_grove,
          basic_altar, basic_ecumenical_altar
D:3:      cheibrodos_old_hovel, layout_basic, mainiacjoe_overflow_cross_hatched,
          mainiacjoe_overflow_two_lobes,
          chequers_temple_overflow_statue_of_worship, minmay_cut_off, uniq_ijyb,
          uniq_natasha, uniq_terence
D:4:      layout_cave_pools, makhleb_heckhound_becter,
          gammafunk_temple_overflow_forgotten, minmay_temple_entry_glass,
          minmay_misc_feat_nine_boxes
Temple:   minmay_freezing_vapour_temple

Skill      XL: |  1  2  3  4  5 |
---------------+----------------+-----
Axes           | 2 3 4 5 |  5.2
Fighting       | |  3.0
Armour         | |  2.6
Shields        | |  2.6

Action                     |  1- 3 |  4- 6 || total
---------------------------+-------+-------++-------
  Melee: War axe           |    71 |    77 ||   148
         Tailslap          |     3 |     7 ||    10
    Use: Potion            |       |     4 ||     4
 Armour: Scale mail        |    37 |    45 ||    82
  Dodge: Dodged            |    34 |    31 ||    65
  Block: Buckler           |    14 |     7 ||    21

Levels and vault maps discovered:
D:1:      reono_arrival_forest_river, layout_loops_ring, hangedman_decor_points,
          minmay_tetromino_s2
D:2:      layout_basic, serial_shops, shop, nicolae_shop_pleasant_corner_grove,
          basic_altar, basic_ecumenical_altar
D:3:      cheibrodos_old_hovel, layout_basic, mainiacjoe_overflow_cross_hatched,
          mainiacjoe_overflow_two_lobes,
          chequers_temple_overflow_statue_of_worship, minmay_cut_off, uniq_ijyb,
          uniq_natasha, uniq_terence
D:4:      layout_cave_pools, makhleb_heckhound_becter,
          gammafunk_temple_overflow_forgotten, minmay_temple_entry_glass,
          minmay_misc_feat_nine_boxes
Temple:   minmay_freezing_vapour_temple

Table legend: (Time is in decaauts)
 A = Elapsed time spent in this place.
 B = Non-inter-level travel time spent in this place.
 C = Inter-level travel time spent in this place.
 D = Time resting spent in this place.
 E = Time spent auto-exploring this place.
 F = Levels seen in this place.
 G = Mean time per level.
                   A        B        C        D        E       F      G
               +--------+--------+--------+--------+--------+-----+--------+
         Total |   1910 |   1765 |    145 |      0 |   1383 |   5 |  382.0 |
       Dungeon |   1887 |   1742 |    145 |      0 |   1383 |   4 |  471.8 |
        Temple |     22 |     22 |      0 |      0 |      0 |   1 |   22.0 |
               +--------+--------+--------+--------+--------+-----+--------+

Top non-repeatable levels by time:
     D:2: 763 daAuts
     D:1: 701 daAuts
     D:3: 280 daAuts
     D:4: 142 daAuts
  Temple: 22 daAuts

Table legend:
 A = Kills in this place as a percentage of kills in the entire game.
 B = Kills by you in this place as a percentage of kills by you in the entire game.
 C = Kills by friends in this place as a percentage of kills by friends in the entire game.
 D = Other kills in this place as a percentage of other kills in the entire game.
 E = Experience gained in this place as a percentage of experience gained in the entire game.
 F = Experience gained in this place divided by the number of levels of this place that you have seen.
                   A       B       C       D       E      F
               +-------+-------+-------+-------+-------+----------------------
         Total | 100.0 | 100.0 |   N/A |   N/A | 100.0 |  53.4
       Dungeon |  95.5 |  95.5 |   N/A |   N/A |  85.4 |  57.0
        Temple |   4.5 |   4.5 |   N/A |   N/A |  14.6 |  39.0
               +-------+-------+-------+-------+-------+----------------------
